 Dungeon Crawl Stone Soup version 0.26.1-11-gd32895ea62 (webtiles) character file.

Game seed: 6091548690239590042

422 Zeld the Twirler (level 6, -2/39 HPs)
             Began as an Octopode Gladiator on May 22, 2021.
             Was an Initiate of Okawaru.
             Slain by an orc
             ... wielding a +0 trident
              (9 damage)
             ... on level 5 of the Dungeon.
             The game lasted 00:04:51 (5642 turns).

Zeld the Twirler (Octopode Gladiator)               Turns: 5642, Time: 00:04:52

Health: -2/39      AC:  1    Str: 13 (15) XL:     6   Next: 95%
Magic:  6/6        EV: 13    Int: 11      God:    Okawaru [......]
Gold:   188        SH:  0    Dex: 10 (13) Spells: 5/5 levels left

rFire    . . .     SeeInvis .   a - +0 quarterstaff
rCold    . . .     Faith    .   (shield currently unavailable)
rNeg     . . .     Spirit   .   b - +0 hat
rPois    .         Reflect  .   (no amulet)
rElec    .         Harm     .   (no ring)
rCorr    .         Rampage  .   (no ring)
Will     .....                  (no ring)
Stlth    ++........             (no ring)
HPRegen  0.13/turn              (no ring)
MPRegen  0.10/turn              (no ring)
                                (no ring)
                                (no ring)

@: no status effects
A: almost no armour, stealthy swim, amphibious, 8 rings, constrict 8, camouflage
1, gelatinous body 1
a: Renounce Religion


You were on level 5 of the Dungeon.
You worshipped Okawaru.
Okawaru was noncommittal.
You visited 2 branches of the dungeon, and saw 6 of its levels.

You collected 265 gold pieces.
You spent 77 gold pieces at shops.

Inventory:

Hand Weapons
 a - a +0 quarterstaff (weapon)
Missiles
 c - 3 throwing nets (quivered)
 t - 12 poisoned darts
Armour
 b - a +0 hat (worn)
Jewellery
 w - a cursed ring of teleportation {unknown}
Wands
 r - a wand of paralysis (10)
 v - a wand of polymorph (5)
Scrolls
 e - 2 scrolls of enchant armour {unknown}
 f - 2 scrolls of fear {unknown}
 h - 5 scrolls of remove curse {unknown}
 i - 2 scrolls of blinking {unknown}
 k - 2 scrolls of fog {unknown}
 o - a scroll of magic mapping {unknown}
 p - 5 scrolls of identify {unknown}
 q - 3 scrolls of teleportation {unknown}
 u - a scroll of immolation {unknown}
 y - a scroll of amnesia {unknown}
Potions
 d - a potion of ambrosia {unknown}
 g - a potion of curing
 j - a potion of haste {unknown}
 l - 2 potions of berserk rage {unknown}
 m - a potion of lignification {unknown}
 n - 2 potions of brilliance {unknown}
 s - a potion of resistance {unknown}
 x - a potion of heal wounds {unknown}
 z - a potion of attraction {unknown}


   Skills:
 - Level 2.0 Fighting
 * Level 7.6 Staves
 - Level 2.0 Throwing
 - Level 3.0 Dodging


You had 5 spell levels left.
You didn't know any spells.
Your spell library was empty.

Dungeon Overview and Level Annotations

Branches:
Dungeon (5/15)             Temple (1/1) D:4

Altars:
Cheibriados
Dithmenos
Elyvilon
Gozag
Hepliaklqana
Kikubaaqudgha
Makhleb
Nemelex Xobeh
Okawaru
Sif Muna
Zin
The Shining One

Shops:
D:4 }

Annotations:
D:2 digging/blink and tele


Innate Abilities, Weirdness & Mutations

You cannot wear most types of armour.
You are very stealthy in the water. (Stealth+)
You are amphibious.
You can wear up to eight rings at the same time.
You can use your tentacles to constrict eight enemies at once.
Your skin changes colour to match your surroundings (Stealth+).
Your rubbery body absorbs attacks. (AC +1, EV +1)


Message History

The orc hits you with a +0 trident.
* * * LOW HITPOINT WARNING * * *
You hit the orc. You grab the orc.
The orc is almost dead.
You constrict the orc.
You kill the orc!
Okawaru accepts your kill.
You hit the orc priest but do no damage.
Your grab misses the orc priest. The orc priest hits you.
* * * LOW HITPOINT WARNING * * *
You thump the orc priest! You grab the orc priest.
The orc priest is heavily wounded.
You constrict the orc priest. The orc barely misses you.
The orc priest hits you.
* * * LOW HITPOINT WARNING * * *
You hit the orc priest.
The orc priest is severely wounded.
You constrict the orc priest.
The orc hits you from afar with a +0 trident!
You die...

#.# #.# #. #. #.#
##.# #.# #..
#.#.##.# #.#
....#.# #o# #####
#..#.# #o#
#...#### #...#
#@### #.......
#.###...#####.[.#
#..<#
#...$.........#.##
##.##
######.####.....#
#.# ######.#
#......# #.#
#......# #......#
#.# #......#
♣♣.....# #.#
#..##.## ♣......#
#.# #..##.#
♣_.....# #.#


You could see an orc priest and an orc.

Vanquished Creatures
  A howler monkey (D:4)
  2 hounds
  2 orc wizards (D:3)
  An iguana (D:4)
  3 worker ants (D:4)
  5 adders
  A shadow imp (D:5)
  An ooze (D:2)
  2 worms
  3 dart slugs
  2 leopard geckos
  12 orcs
  10 bats
  2 giant cockroaches
  15 goblins
  7 hobgoblins
  2 jackals (D:3)
  4 kobolds
  2 quokkas
  4 ball pythons
  2 frilled lizards
  A leopard gecko skeleton (D:4)
  7 rats
  A bush (D:3)
92 creatures vanquished.

Vanquished Creatures (others)
  2 plants (D:3)
2 creatures vanquished.

Grand Total: 94 creatures vanquished

Notes
Turn   | Place    | Note
-------+----------+-------------------------------------------
     0 | D:1      | Zeld the Octopode Gladiator began the quest for the Orb.
     0 | D:1      | Reached XP level 1. HP: 14/14 MP: 1/1
   390 | D:1      | Reached XP level 2. HP: 19/19 MP: 2/2
  1040 | D:2      | Reached skill level 4 in Staves
  1132 | D:2      | Reached XP level 3. HP: 24/24 MP: 3/3
  1857 | D:2      | Reached XP level 4. HP: 28/29 MP: 4/4
  2112 | D:3      | Found a burning altar of Makhleb.
  2118 | D:3      | Reached skill level 5 in Staves
  2163 | D:3      | Found an ancient bone altar of Kikubaaqudgha.
  2215 | D:3      | Reached XP level 5. HP: 24/34 MP: 5/5
  2779 | D:3      | Reached skill level 6 in Staves
  3407 | D:4      | Found Riafos's Gadget Emporium.
  3414 | D:4      | Bought a wand of polymorph (5) for 77 gold pieces
  3668 | D:4      | Found a staircase to the Ecumenical Temple.
  3675 | D:4      | Noticed a phantom
  3681 | D:4      | Reached XP level 6. HP: 39/39 MP: 6/6
  3683 | Temple   | Entered the Ecumenical Temple
  4165 | Temple   | Became a worshipper of Warmaster Okawaru
  4230 | D:4      | Reached skill level 7 in Staves
  5497 | D:5      | Entered Level 5 of the Dungeon
  5506 | D:5      | Noticed a phantom
  5521 | D:5      | Found a glowing silver altar of Zin.
  5642 | D:5      | Slain by an orc

Illustrated notes

Levels and vault maps discovered:
D:1:      lightli_arrival_lavapool, layout_rooms
D:2:      layout_loops_corners, minmay_surrounded
D:3:      minmay_skewed_foursquare, layout_rooms, bloody_makhleb,
          kiku_gazebo_garden_becter, serial_forest,
          infiniplex_forest_clump_double, infiniplex_forest_lined_room_3,
          infiniplex_forest_straight_4, infiniplex_forest_zigzag_2,
          infiniplex_forest_clump_medium, infiniplex_forest_split,
          infiniplex_forest_zigzag_2, infiniplex_forest_straight_3,
          infiniplex_forest_clump_large
D:4:      layout_basic, minmay_temple_entry_tees, serial_shops, shop
D:5:      layout_loops_ring, zin_academy, nicolae_ru_great_annihilating_truth,
          serial_shops, nicolae_shop_statue_plus, gup_sewer_entry_glass,
          uniq_pikel, uniq_sigmund
Temple:   nicolae_temple_figure_zero

Skill      XL: |  1  2  3  4  5  6 |
---------------+-------------------+-----
Staves         | 4 5 6 7 |  7.6
Fighting       | |  2.0
Throwing       | |  2.0
Dodging        | |  3.0

Action                   |  1- 3 |  4- 6 || total
-------------------------+-------+-------++-------
Melee: Quarterstaff      |    78 |   173 ||   251
       Constrict         |    23 |    30 ||    53
       Tentacles         |    18 |    40 ||    58
  Use: Potion            |       |     4 ||     4
 Stab: Sleeping          |     8 |     6 ||    14
Armor: Skin              |     4 |    13 ||    17
Dodge: Dodged            |    46 |    93 ||   139
